 Dungeon Crawl Stone Soup version 0.31-a0-345-g1ebeae05c6 (webtiles) character file.

Game seed: 1855323396797881512

599 senseless the Changeling (level 7, -2/53 HPs)
             Began as a Merfolk Shapeshifter on July 22, 2023.
             Slain by a gnoll
             ... wielding a +0 flail
             ... led by a gnoll bouda
              (6 damage)
             ... on level 5 of the Dungeon.
             The game lasted 00:10:09 (3664 turns).

senseless the Changeling (Merfolk Shapeshifter)     Turns: 3664, Time: 00:10:09

Health: -2/53      AC:  3    Str: 17    XL:     7   Next: 41%
Magic:  7/7        EV: 14    Int: 16    God:
Gold:   179        SH:  0    Dex: 14    Spells: 6/6 levels left

rFire   . . .        o - +6 hand axe "Acwyon" {drain, Will+ Int+2}
rCold   . . .        (no shield)
rNeg    . . .        d - +1 robe
rPois   .            (helmet currently unavailable)
rElec   .            (cloak currently unavailable)
rCorr   +            (gloves currently unavailable)
SInv    .            (boots currently unavailable)
Will    +....        z - amulet of regeneration
Stlth   +            n - +6 ring of intelligence
HPRegen 1.08/turn    s - ring of resist corrosion
MPRegen 0.10/turn

%: no passive effects
@: beast-form
A: beast (slay +4), (nimble swimmer 2), mertail
a: Begin Untransformation


You were on level 5 of the Dungeon.
You were a hulking beast.
You visited 1 branch of the dungeon, and saw 5 of its levels.
You also visited: Sewer.

You collected 179 gold pieces.

Inventory:

Hand Weapons
 h - a +0 dagger of distortion
 i - a +1 short sword of freezing
 o - the +6 hand axe "Acwyon" (weapon) {drain, Will+ Int+2}
   (You found it on level 2 of the Dungeon)

   Int:       It affects your intelligence (+2).
   Will:      It increases your willpower.
Missiles
 f - 3 atropa-tipped darts (quivered)
 y - 9 poisoned darts
Armour
 d - a +1 robe (worn)
 q - a +1 hat
Jewellery
 n - a +6 ring of intelligence (left hand)
 s - a ring of resist corrosion (right hand)
 z - an amulet of regeneration (around neck)
Talismans
 a - a storm talisman
 c - a beast talisman
Wands
 g - a wand of paralysis (9)
Scrolls
 u - a scroll of summoning
 v - a scroll of revelation
 w - a scroll of teleportation
 A - a scroll of amnesia
Potions
 b - 2 potions of lignification
 e - 2 potions of brilliance {unknown}
 j - a potion of might {unknown}
 k - a potion of haste
 l - 2 potions of enlightenment
 m - 2 potions of mutation
 p - a potion of degeneration {unknown}
 r - 2 potions of heal wounds {unknown}
 t - a potion of invisibility {unknown}
 x - a potion of cancellation {unknown}


   Skills:
 + Level 3.8 Fighting
 + Level 5.3 Dodging
 + Level 5.0 Unarmed Combat
 * Level 6.5 Shapeshifting


You had 6 spell levels left.
You didn't know any spells.
Your spell library contained the following spells:

 Spells                   Type           Power      Damage    Failure   Level
 Inner Flame              Hex/Fire       0%         N/A       58%         3
 Tukima's Dance           Hex            0%         N/A       58%         3
 Passage of Golubria      Tloc           0%         N/A       94%         4
 Yara's Violent Unravell  Hex/Tmut       0%         3d3       100%        5
 Enfeeble                 Hex            0%         N/A       100%        7


Dungeon Overview and Level Annotations

Branches:
Dungeon (5/15)              Sewer (visited)
 Temple: D:4-7

Altars:


Innate Abilities, Weirdness & Mutations

You are a hulking beast.
Your limbs bulge with bestial killing power. (Slay +4)
((You are very nimble when in or above water. (Stealth+, EV+, Speed+++)))
Your lower body shifts to a powerful aquatic tail in water.


Message History

You slash the gnoll! You drain the gnoll.
You kill the gnoll!
Your Unarmed Combat skill increases to level 5!
The hound bites you.
The gnoll hits you from afar with a +0 spear.
The hound misses you.
You see here a +0 spear.
You hit the hound. You drain the hound.
The hound is moderately wounded.
You hit the gnoll. You drain the gnoll.
You hit the gnoll bouda but do no damage.
The hound barely misses you. The gnoll hits you with a +0 club.
The gnoll hits you from afar with a +0 spear.
The gnoll bouda barks out a call to the hunt!
The gnolls pick up the pace!
The hound bites you but does no damage.
You slash the gnoll!
You kill the gnoll!
You hit the hound. You hit the gnoll bouda.
The hound bites you but does no damage.
A black bear comes into view.
The gnoll completely misses you.
The gnoll bouda hits you with a +0 club!
The hound barely misses you.
You slash the hound!
You kill the hound!
You hit the gnoll bouda.
Your attacks no longer feel as feeble.
The gnoll hits you from afar with a +0 spear.
The gnoll bouda completely misses you. The gnoll misses you.
You hit the gnoll bouda but do no damage.
The gnoll bouda is heavily wounded.
You closely miss the gnoll. The gnoll hits you with a +0 flail!
The gnoll hits you from afar with a +0 spear!
* * * LOW HITPOINT WARNING * * *
The gnoll bouda hits you with a +0 club!
* * * LOW HITPOINT WARNING * * *
The gnoll barely misses you. The gnoll attacks as you move away!
The gnoll hits you with a +0 flail.
You die...

##
#.#########.
#...<.......
#...#######.
###.#...# .
#>....##...
###........
#h).#.##.
#gg......
#..g..###
#!....#
#h...##
#....#
#.....
#.###..


You could see a black bear, a gnoll bouda and 2 gnolls.

Vanquished Creatures
  A black bear (D:3)
  3 kobold brigands (Sewer)
  3 hounds
  An iguana (D:4)
  2 gnolls (D:5)
  8 adders
  A river rat (Sewer)
  2 worms (D:4)
  14 orcs
  5 bats
  6 endoplasms
  A giant cockroach (D:4)
  3 goblins
  2 hobgoblins
  4 jackals (Sewer)
  5 quokkas
  8 ball pythons
  5 frilled lizards
  10 kobolds
  8 rats
92 creatures vanquished.

Notes
Turn   | Place    | Note
-------+----------+-------------------------------------------
     0 | D:1      | senseless the Merfolk Shapeshifter began the quest for the
                  | Orb.
     0 | D:1      | Reached XP level 1. HP: 15/15 MP: 1/1
   194 | D:1      | Reached XP level 2. HP: 18/21 MP: 2/2
   353 | D:1      | Found a faded altar of an unknown god.
   902 | D:2      | Identified the +6 hand axe "Acwyon" {drain, Will+ Int+2}
   969 | D:2      | Reached XP level 3. HP: 25/27 MP: 3/3
  1497 | D:3      | Noticed a black bear
  1505 | D:3      | Killed a black bear
  1506 | D:3      | Reached skill level 5 in Shapeshifting
  1506 | D:3      | Reached XP level 4. HP: 21/34 MP: 4/4
  1506 | D:3      | Reached XP level 5. HP: 24/39 MP: 5/5
  2058 | D:4      | Reached XP level 6. HP: 35/47 MP: 6/6
  2142 | D:4      | Found a glowing drain.
  2146 | Sewer    | Entered a sewer
  2266 | Sewer    | Reached skill level 6 in Shapeshifting
  2361 | Sewer    | Reached skill level 5 in Dodging
  2361 | Sewer    | Reached XP level 7. HP: 52/52 MP: 7/7
  3644 | D:4      | Identified a scroll of acquirement
  3644 | D:4      | Acquired an amulet of regeneration
  3652 | D:5      | Entered Level 5 of the Dungeon
  3659 | D:5      | Reached skill level 5 in Unarmed Combat
  3664 | D:5      | Slain by a gnoll

Illustrated notes

Levels and vault maps discovered:
D:1:      sevenhm_arrival_forest_fort_large_2, layout_basic,
          ebering_ecumenical_altar_sacrificial, minmay_pentomino_x2
D:2:      layout_rooms, wad_orctagon
D:3:      layout_rooms
D:4:      layout_basic, gup_sewer_entry_spiral
D:5:      layout_rooms

Skill      XL: |  1  2  3  4  5  6  7 |
---------------+----------------------+-----
Dodging        | 3 4 5 |  5.3
Fighting       | 2 3 |  3.8
Unarmed Combat | 4 5 |  5.0
Shapeshifting  | 5 6 |  6.5

Action                     |  1- 3 |  4- 6 |  7- 9 || total
---------------------------+-------+-------+-------++-------
  Melee: Unarmed           |    33 |       |       ||    33
         Short sword       |    48 |       |       ||    48
         Punch             |     2 |     1 |     3 ||     6
         Hand axe          |    11 |    74 |    50 ||   135
         Tailslap          |       |     1 |     2 ||     3
    Use: Scroll            |     6 |     2 |     4 ||    12
   Stab: Sleeping          |     3 |     2 |     2 ||     7
 Armour: Animal skin       |     5 |       |       ||     5
         Robe              |    15 |     4 |     7 ||    26
  Dodge: Dodged            |    63 |    37 |    25 ||   125
   Form: Storm             |     1 |       |       ||     1
         Beast             |     1 |       |       ||     1

Table legend: (Time is in decaauts)
 A = Elapsed time spent in this place.
 B = Non-inter-level travel time spent in this place.
 C = Inter-level travel time spent in this place.
 D = Time resting spent in this place.
 E = Time spent auto-exploring this place.
 F = Levels seen in this place.
 G = Mean time per level.
                   A        B        C        D        E       F      G
               +--------+--------+--------+--------+--------+-----+--------+
         Total |   3544 |   3354 |    190 |     49 |   2583 |   6 |  590.7 |
       Dungeon |   2985 |   2795 |    190 |     47 |   2210 |   5 |  597.0 |
         Sewer |    558 |    558 |      0 |      2 |    373 |   1 |  558.0 |
               +--------+--------+--------+--------+--------+-----+--------+

Top non-repeatable levels by time:
     D:4: 1082 daAuts
     D:1: 834 daAuts
   Sewer: 558 daAuts
     D:2: 548 daAuts
     D:3: 507 daAuts
     D:5: 13 daAuts
